 Dungeon Crawl Stone Soup version 0.20.1-1-g8b1a95d (console) character file.

1063 hilaritas the Grappler (level 8, -6/74 HPs)
             Began as a Troll Fighter on Nov 30, 2017.
             Mangled by an iguana (9 damage)
             ... on level 4 of the Dungeon.
             The game lasted 00:08:51 (2759 turns).

hilaritas the Grappler (Troll Fighter)              Turns: 2759, Time: 00:08:52

Health: -6/74      AC:  5    Str: 25    XL:     8   Next: 6%
Magic:  7/7        EV:  8    Int:  6    God:
Gold:   119        SH: 10    Dex:  9    Spells: 7/7 levels left

rFire    . . .     SeeInvis .     - Unarmed
rCold    . . .     Gourm    +   b - +1 shield
rNeg     + . .     Faith    .   a - +0 robe
rPois    .         Spirit   .   (helmet restricted)
rElec    .         Reflect  .   (no cloak)
rCorr    .         Harm     .   (gloves unavailable)
MR       .....                  (boots unavailable)
Stlth    +.........             (no amulet)
Regen    0.7/turn               h - ring of positive energy
MPRegen  0.1/turn               (no ring)

@: no status effects
A: unfitting armour, claws 3, fast metabolism 3, gourmand, regeneration 1,
shaggy fur 1, tough skin 2
a: no special abilities


You were on level 4 of the Dungeon.
You were completely stuffed.

You visited 1 branch of the dungeon, and saw 4 of its levels.

You collected 119 gold pieces.

Inventory:

Hand Weapons
 q - a +1 whip
Armour
 a - a +0 robe (worn)
 b - a +1 shield (worn)
Jewellery
 h - a ring of positive energy (left claw)
 p - an uncursed ring of flight
Scrolls
 f - 2 scrolls of amnesia
 i - a scroll of teleportation
 k - a scroll of remove curse
 m - a scroll of identify
 o - 2 scrolls of enchant armour
Potions
 c - 4 potions of might
 e - a potion of heal wounds
 j - a potion of degeneration {unknown}
 r - a potion of haste {unknown}
 s - a potion of curing
 u - a potion of agility
Comestibles
 d - 8 bread rations
 g - 3 meat rations
 l - 3 royal jellies


   Skills:
 + Level 2.8 Fighting
 - Level 2.4 Dodging
 + Level 4.2 Shields
 * Level 8.4 Unarmed Combat


You had 7 spell levels left.
You didn't know any spells.

Dungeon Overview and Level Annotations

Branches:
Dungeon (4/15)
 Temple: D:4-7

Altars:


Innate Abilities, Weirdness & Mutations

You are too large for most types of armour.
You have claws for hands.
Your metabolism is lightning-fast.
You like to eat raw meat.
Your natural rate of healing is unusually fast.
You are covered in fur. (AC +1)
You have very tough skin. (AC +2)


Message History

Duvessa is severely wounded.
Duvessa hits you but does no damage. You block Duvessa's attack.
The iguana bites you but does no damage.
Your shield prevents you from hitting Duvessa.
Duvessa is severely wounded.
You block Duvessa's attack. The iguana bites you!
* * * LOW HITPOINT WARNING * * *
You claw Duvessa!
Duvessa is almost dead.
You block Duvessa's attack.
You claw Duvessa!
You kill Duvessa!
You have reached level 8!
You block the iguana's attack.
You barely miss the iguana. The iguana bites you!
* * * LOW HITPOINT WARNING * * *
You claw the iguana!
The iguana is severely wounded.
The iguana bites you!
You die...

#.# *,****,* #.# #.#
*,,,,*,** #.# #.#
****,*,,* #.# ..#
*,*#.#* ##'#######
### *,**..*
#).......# *,**#.*
#........# *,* #.#*
#........# *,* *..*
#........# *,*
*#.###........# *,*
#)l##........# #.#
*#@###'####### # #.#
#).##(# # # #.#
##.##.# # # #.#
#..#.# # # #.#
##.#.# ########## #
#.# #...# #.....))..
#
########.########..#
#.######## #
#...............#.>#
#.# # #
#.#####.#######.##.#
#.# # # #.# #...#
#.##.# #.# # # #.#
###.### #.##.# #.# #


You could see an iguana.

Vanquished Creatures
  The ghost of Schiappus the Chopper, a novice OpBe of Trog (D:4)
  Duvessa (D:4)
  A phantom (D:4)
  A scorpion (D:4)
  Dowan (D:4)
  A howler monkey (D:3)
  A gnoll shaman (D:4)
  2 orc priests (D:4)
  A hound (D:4)
  2 worker ants (D:4)
  Natasha (thrice) (D:2)
  A hound skeleton (D:4)
  8 gnolls (D:4)
  3 adders
  An adder skeleton (D:4)
  3 worms
  4 dart slugs (D:1)
  8 leopard geckos
  9 orcs (D:4)
  5 giant cockroaches
  5 hobgoblins
  3 jackals (D:1)
  5 kobolds
  2 quokkas
  5 bats
  6 frilled lizards
  12 goblins
  A leopard gecko skeleton (D:4)
  12 rats
108 creatures vanquished.

Notes
Turn   | Place    | Note
-------+----------+-------------------------------------------
     0 | D:1      | hilaritas the Troll Fighter began the quest for the Orb.
     0 | D:1      | Reached XP level 1. HP: 22/22 MP: 0/0
   112 | D:1      | Reached XP level 2. HP: 29/29 MP: 1/1
   438 | D:1      | Reached skill level 3 in Unarmed Combat
   438 | D:1      | Reached XP level 3. HP: 35/36 MP: 2/2
  1025 | D:2      | Noticed Natasha
  1037 | D:2      | Killed Natasha
  1037 | D:2      | Reached XP level 4. HP: 14/44 MP: 3/3
  1051 | D:2      | Noticed Natasha
  1055 | D:2      | Killed Natasha
  1182 | D:2      | Reached skill level 4 in Unarmed Combat
  1344 | D:2      | Noticed Natasha
  1352 | D:2      | Killed Natasha
  1352 | D:2      | Reached XP level 5. HP: 38/50 MP: 4/4
  1761 | D:3      | Reached skill level 5 in Unarmed Combat
  1974 | D:4      | Reached XP level 6. HP: 18/59 MP: 5/5
  2293 | D:4      | Noticed Dowan
  2307 | D:4      | Killed Dowan
  2307 | D:4      | Reached skill level 6 in Unarmed Combat
  2323 | D:4      | Noticed Schiappus's ghost (novice OpBe)
  2334 | D:4      | Killed Schiappus's ghost
  2334 | D:4      | Reached skill level 7 in Unarmed Combat
  2334 | D:4      | Reached XP level 7. HP: 47/66 MP: 6/6
  2644 | D:4      | Reached skill level 8 in Unarmed Combat
  2739 | D:4      | Noticed Duvessa
  2757 | D:4      | Killed Duvessa
  2757 | D:4      | Reached XP level 8. HP: 10/74 MP: 7/7
  2758 | D:4      | HP: 2/74 [iguana (9)]
  2759 | D:4      | Mangled by an iguana

Skill      XL: |  1  2  3  4  5  6  7 |
---------------+----------------------+-----
Unarmed Combat | 3 4 5 7 8 |  8.4
Shields        | 3 4 |  4.2
Fighting       | |  2.8
Dodging        | |  2.4

Action                   |  1- 3 |  4- 6 |  7- 9 || total
-------------------------+-------+-------+-------++-------
Melee: Unarmed           |    99 |   174 |    78 ||   351
  Use: Potion            |       |     1 |       ||     1
       Scroll            |       |     9 |       ||     9
 Stab: Sleeping          |       |     1 |       ||     1
  Eat: Chunk             |    15 |    12 |     4 ||    31
Armor: Robe              |    31 |    47 |     9 ||    87
Dodge: Dodged            |    28 |    58 |    19 ||   105
Block: Shield            |    57 |    82 |    28 ||   167
